 Dungeon Crawl Stone Soup version 0.32-a0-868-g153ae1a8d6 (webtiles) character file.

Game seed: 702318508689486838

45208 Ruich the Fighter (level 14, -6/105 (112) HPs)
             Began as a Djinni Hedge Wizard on Mar 28, 2024.
             Was a High Priest of Ru.
             Mangled by a catoblepas (33 damage)
             ... on level 5 of the Lair of Beasts.
             The game lasted 01:32:05 (29038 turns).

Ruich the Fighter (Djinni Hedge Wizard)            Turns: 29038, Time: 01:32:06

HP:   -6/105 (112)  AC:  5    Str: 11    XL:     14   Next: 69%
Gold: 735           EV: 17    Int: 19    God:    Ru [*****.] SH:  0 Dex: 13

rFire   + + .        x - +0 dagger (elec)
rCold   + . .        (no shield)
rNeg    . . .        K - +0 leather armour "Ywkielol" {rC+ Regen+}
rPois   ∞            c - +1 hat
rElec   .            l - +0 cloak
rCorr   .            (no gloves)
SInv    .            (boots unavailable)
Will    .....        J - amulet of regeneration
Stlth   ++           f - +5 ring of evasion
HPRegen 1.97/turn    s - ring of protection from cold
MPRegen 0.00/turn

%: infuse magic (-7 HP)
@: flying, drained
A: sickness immunity, fire resistance 2, cold vulnerability 1, inability to read
after injury 2, hated by all, no hexes magic, no ice magic, no translocations
magic, weak-willed 1, float, innate caster, HP casting, extra vitality 1
a: Renounce Religion, Draw Out Power, Power Leap, Apocalypse


You were on level 5 of the Lair of Beasts.
You worshipped Ru.
Ru was extremely pleased with you.
You visited 2 branches of the dungeon, and saw 15 of its levels.
You also visited: Ossuary.

You collected 735 gold pieces.


Innate Abilities, Weirdness & Mutations

You are immune to sickness and miasma.
You are immune to poison.
Your flesh is very heat resistant. (rF++)
You are vulnerable to cold. (rC-)
You sometimes lose the ability to read scrolls when taking damage.
You are hated by all.
You cannot study or cast Hexes magic.
You cannot study or cast Ice magic.
You cannot study or cast Translocations magic.
You are slightly weak-willed. (Will-)
You float through the air rather than walking.
You learn spells naturally, not from books.
Your magical power is your life essence.
You have superior vitality. (+4 MHP)


   Skills:
 - Level 14.7 Fighting
 - Level 5.4 Dodging
 - Level 4.4 Stealth
 - Level 10.3 Spellcasting
 - Level 10.3 Conjurations
 - Level 10.3 Necromancy
 - Level 10.3 Fire Magic
 - Level 10.3 Air Magic
 - Level 10.3 Earth Magic
 - Level 10.3 Alchemy
 + Level 13.6 Invocations
 - Level 3.0 Evocations


You knew the following spells:

 Your Spells              Type           Power      Damage    Failure   Level
a - Animate Dead          Necr           48%        N/A       1%          4
b - Summon Ice Beast      Ice/Summ       9%         N/A       28%         3
c - Call Imp              Summ           18%        N/A       14%         2
d - Mephitic Cloud        Conj/Alch/Air  48%        N/A       1%          3
l - Lee's Rapid Deconstr  Erth           24%        3d13*     3%          5
m - Magic Dart            Conj           100%       1d8       1%          1
n - Necrotise             Necr           100%       1d9       1%          1
r - Searing Ray           Conj           96%        2d7       1%          2
s - Momentum Strike       Conj/Tloc      58%        3d9       1%          2
B - Blink                 Tloc           18%        N/A       14%         2
X - Slow                  Hex            36%        N/A       10%         1
Your spell library was empty.

Inventory:

Hand Weapons
 o - a +2 demon trident of electrocution
 x - a +0 dagger of electrocution (weapon)
Missiles
 w - a throwing net {=f}
Armour
 c - a +1 hat (worn)
 l - a +0 cloak (worn)
 K - the +0 leather armour "Ywkielol" (worn) {rC+ Regen+}
   (You found it on level 3 of the Lair of Beasts)

   rC+:       It protects you from cold.
   Regen+:    It increases your rate of health regeneration.
Magical Staves
 j - a staff of air {!a}
 H - a staff of alchemy {!a}
Jewellery
 f - a +5 ring of evasion (left hand)
 s - a ring of protection from cold (right hand)
 B - an amulet of the acrobat
 C - a ring of wizardry
 J - an amulet of regeneration (around neck)
 M - a ring of ice
Wands
 b - a wand of digging (4)
 q - a wand of mindburst (7)
 u - a wand of flame (6)
 A - a wand of warping (5)
Scrolls
 h - 4 scrolls of teleportation {@r2}
 p - 3 scrolls of immolation
 t - a scroll of poison
 y - 3 scrolls of enchant weapon
 D - 3 scrolls of vulnerability {unknown}
 E - 2 scrolls of fear
 I - 2 scrolls of fog
Potions
 a - 5 potions of enlightenment
 d - 8 potions of haste {@q3}
 e - a potion of cancellation
 g - 3 potions of heal wounds {@q2}
 i - 5 potions of brilliance
 k - 7 potions of mutation
 m - 6 potions of curing {@q1}
 n - 4 potions of invisibility
 r - 2 potions of resistance
 v - 5 potions of ambrosia
 z - a potion of might {unknown}
 G - a potion of attraction {unknown}
Miscellaneous
 F - a lightning rod (1/4)
 N - a condenser vane (inert)

Dungeon Overview and Level Annotations

Branches:
Dungeon (10/15) Zot: 25464  Temple (0/1) D:7            Lair (5/5) D:8 Zot: 18600
  Swamp (0/4) Lair:3        Snake (0/4) Lair:2        Slime (0/5) Lair:5
Ossuary (visited)
    Orc: D:9-12

Altars:
Cheibriados
Nemelex Xobeh
Qazlal
Ru
Uskayaw
Xom

Shops:
D:6 *   D:9 *

Annotations:
Lair:5 2 exclusions

<## ##........._...÷...#.#.......
..####.........>...)..÷.....P#...
...#.##..........$..........##..P
....###......#...#§.......).##.P.
...## #....##......#........####.
...# ##..÷###..§###.........# .
..## ##.......§..#.........# .#.#
##......§Y§..........## ####
#.....†@..§..........## #
#P.........§..........#
#÷..........§........##
##÷..#...)....§........#
..÷............§.......##
##................§..#.#..#
#......#............#.#...§
####..##.............)####..#. #
#P....#....#.........#. ####.


You could see a catoblepas.


Message History

Unknown command.
Use which ability? (? or * to list)
Okay, then.
Unknown command.
Unknown command.
You feel less exhausted.
Unknown command.
Press: ? - help, v - describe, . - travel
Here: a catoblepas (noxious fumes, heavily wounded)
The floor.
Unknown command.
Unknown command.
Casting: Lee's Rapid Deconstruction (dangerous; 3% risk of failure)
Confirm with . or Enter, or press ? or * to list all spells.
Aiming: Searing Ray (safe; 1% risk of failure)
Press: ? - help, Shift-Dir - straight line, f - catoblepas
Aim: a catoblepas (noxious fumes, heavily wounded, 100% to hit)
Okay, then.
Casting: Searing Ray (safe; 1% risk of failure)
Confirm with . or Enter, or press ? or * to list all spells.
Okay, then.
Unknown command.
Unknown command.
Unknown command.
Unknown command.
Unknown command.
The catoblepas is engulfed in noxious fumes.
The catoblepas gores you!!
You die...
Ru respects your ultimate sacrifice.

Skill      XL: |  1  2  3  4  5  6  7  8  9 10 11 12 13 14 |
---------------+-------------------------------------------+-----
Fighting       | 1 2 3 4 5 7 10 12 13 14 | 14.7
Spellcasting   | 4 5 6 7 8 9 10 | 10.3
Conjurations   | 4 5 6 7 8 9 10 | 10.3
Hexes          | 4 5 6 7 8 9 0 |  0.0
Summonings     | 4 5 6 7 0 |  0.0
Necromancy     | 4 5 6 7 8 9 10 | 10.3
Translocations | 4 5 6 7 8 9 0 |  0.0
Fire Magic     | 4 5 6 7 8 9 10 | 10.3
Ice Magic      | 4 5 6 7 8 9 0 |  0.0
Air Magic      | 4 5 6 7 8 9 10 | 10.3
Earth Magic    | 4 5 6 7 8 9 10 | 10.3
Alchemy        | 4 5 6 7 8 9 10 | 10.3
Invocations    | 2 4 6 8 9 10 13 | 13.6
Stealth        | 4 |  4.4
Dodging        | 5 |  5.4
Evocations     | 3 |  3.0

Action                     |  1- 3 |  4- 6 |  7- 9 | 10-12 | 13-15 || total
---------------------------+-------+-------+-------+-------+-------++-------
  Melee: Dagger            |       |    19 |     4 |    45 |     9 ||    77
         Demon trident     |       |       |    30 |       |       ||    30
   Cast: Magic Dart        |    58 |    92 |     1 |    15 |     1 ||   167
         Call Imp          |     3 |     5 |     1 |       |       ||     9
         Blink             |     1 |     1 |     2 |     6 |     2 ||    12
         Necrotise         |     1 |     8 |       |       |       ||     9
         Mephitic Cloud    |       |     3 |     6 |    20 |    12 ||    41
         Momentum Strike   |       |     2 |       |     5 |       ||     7
         Searing Ray       |       |       |    63 |   180 |    62 ||   305
         Summon Ice Beast  |       |       |     8 |       |       ||     8
         Lee's Rapid Decon |       |       |       |       |   245 ||   245
 Invoke: Sacrifice Love    |       |       |     1 |       |       ||     1
         Sacrifice Words   |       |       |       |     1 |       ||     1
         Draw Out Power    |       |       |       |     1 |     4 ||     5
         Sacrifice Essence |       |       |       |     1 |       ||     1
         Sacrifice Arcana  |       |       |       |       |     1 ||     1
         Reject Sacrifices |       |       |       |       |     1 ||     1
         Power Leap        |       |       |       |       |     1 ||     1
  Evoke: Wand              |       |       |       |    17 |     2 ||    19
         Lightning rod     |       |       |       |     4 |     7 ||    11
         Condenser vane    |       |       |       |       |     2 ||     2
    Use: Scroll            |     2 |     8 |     4 |     8 |     6 ||    28
         Potion            |       |       |     1 |     3 |     2 ||     6
   Stab: Confused          |       |     2 |       |     2 |       ||     4
         Petrified         |       |       |       |     3 |       ||     3
         Paralysed         |       |       |       |       |     3 ||     3
         Sleeping          |       |       |       |       |     1 ||     1
 Armour: Robe              |     2 |    15 |    55 |   153 |    24 ||   249
         Leather armour    |       |       |       |       |   163 ||   163
  Dodge: Dodged            |     7 |    27 |    74 |   397 |   213 ||   718

Levels and vault maps discovered:
D:1:      heliophobic_arrival_enchanted_forest, layout_loops_ring,
          item_on_display_a
D:2:      layout_basic, uniq_crazy_yiuf_cottage
D:3:      layout_basic, nicolae_uskayaw_en_pointe,
          hellmonk_ecumenical_altar_blasted, minmay_circle_x
D:4:      layout_basic, minitemple, uniq_menkaure
D:5:      minmay_spotlight, layout_basic, cheibriados_altar_1,
          kennysheep_orc_sif_temple, minivault_25, uniq_prince_ribbit1
D:6:      layout_gridville, serial_shops, shop_statue, hangedman_decor_push,
          minmay_misc_feat_roman, kennysheep_pointless_box, uniq_maggie
D:7:      layout_layer_cave, overflow_temple_1_default,
          minmay_temple_entry_nine_rooms, mainiacjoe_ossuary_entry_dusty_tomb
D:8:      layout_basic, lair_entry_dummy, nicolae_have_a_lightning_rod,
          uniq_erica
D:9:      layout_loops_ring, lemuel_tele_altar, guppyfry_shop_venom
D:10:     layout_roguey, okawaru_gym_becter, roadster_trireme
Lair:1:   layout_roguey, uniq_gastronok
Lair:2:   regret_index_tunnel_blossom, layout_loops_ring, dummy_snake_entry,
          nicolae_quartered_pool_super, dreamdust_gnoll_shepherd
Lair:3:   layout_cave_shapes, mainiacjoe_swamp_entry_angry_trees,
          kennysheep_basilisk_garden, grunt_megastairs_4, uniq_fannar
Lair:4:   layout_hall_layers
Lair:5:   evilmike_catoblepas_cave, layout_cave_pods, minmay_slime_entry_eyes,
          special_room [special_room_mythical_zoo], patterned_corridor,
          serial_bayou_shore_b, lemuel_fruit_tree

Notes
Turn   | Place    | Note
-------+----------+-------------------------------------------
     0 | D:1      | Ruich the Djinni Hedge Wizard began the quest for the Orb.
     0 | D:1      | Ruich set off with the following spells memorised: Magic
                  | Dart, Slow, Blink, Call Imp, Mephitic Cloud.
     0 | D:1      | Reached XP level 1. HP: 15/15 MP: 0/0
   232 | D:1      | Reached XP level 2. HP: 16/21 MP: 0/0
   507 | D:1      | You are sucked into a shaft and drop 1 floor!
   533 | D:2      | Reached XP level 3. HP: 10/26 MP: 0/0
   533 | D:2      | Learned a level 1 spell: Necrotise
   613 | D:2      | Reached skill level 1 in Fighting
   822 | D:2      | Reached XP level 4. HP: 29/32 MP: 0/0
   877 | D:2      | Reached skill level 4 in Spellcasting
   877 | D:2      | Reached skill level 4 in Conjurations
   877 | D:2      | Reached skill level 4 in Hexes
   877 | D:2      | Reached skill level 4 in Summonings
   877 | D:2      | Reached skill level 4 in Necromancy
   877 | D:2      | Reached skill level 4 in Translocations
   877 | D:2      | Reached skill level 4 in Fire Magic
   877 | D:2      | Reached skill level 4 in Ice Magic
   877 | D:2      | Reached skill level 4 in Air Magic
   877 | D:2      | Reached skill level 4 in Earth Magic
   877 | D:2      | Reached skill level 4 in Alchemy
  1538 | D:2      | Found a runed translucent door.
  1539 | D:2      | Noticed Crazy Yiuf
  1572 | D:2      | Killed Crazy Yiuf
  1573 | D:2      | Reached XP level 5. HP: 31/38 MP: 0/0
  1573 | D:2      | Learned a level 2 spell: Momentum Strike
  1744 | D:3      | Reached skill level 2 in Fighting
  2148 | D:3      | Noticed an ogre
  2159 | D:3      | Killed an ogre
  2160 | D:3      | Reached XP level 6. HP: 33/45 MP: 0/0
  2203 | D:3      | Found a faded altar of an unknown god.
  2537 | D:3      | Noticed a +0 falchion
  2537 | D:3      | Noticed a +0 spear
  2538 | D:3      | Noticed a +0 short sword
  2538 | D:3      | Noticed a +0 dagger
  2538 | D:3      | Noticed a +0 spear
  2539 | D:3      | Noticed a +0 dagger
  2549 | D:3      | Noticed a +0 falchion
  2551 | D:3      | Noticed a +0 short sword
  2552 | D:3      | Found a hide-covered altar of Uskayaw.
  3290 | D:4      | Noticed Menkaure
  3297 | D:4      | Killed Menkaure
  3298 | D:4      | Reached skill level 3 in Fighting
  3298 | D:4      | Reached skill level 5 in Spellcasting
  3298 | D:4      | Reached skill level 5 in Conjurations
  3298 | D:4      | Reached skill level 5 in Hexes
  3298 | D:4      | Reached skill level 5 in Summonings
  3298 | D:4      | Reached skill level 5 in Necromancy
  3298 | D:4      | Reached skill level 5 in Translocations
  3298 | D:4      | Reached skill level 5 in Fire Magic
  3298 | D:4      | Reached skill level 5 in Ice Magic
  3298 | D:4      | Reached skill level 5 in Air Magic
  3298 | D:4      | Reached skill level 5 in Earth Magic
  3298 | D:4      | Reached skill level 5 in Alchemy
  3304 | D:4      | Reached XP level 7. HP: 21/50 MP: 0/0
  3304 | D:4      | Learned a level 2 spell: Searing Ray
  3314 | D:5      | Entered Level 5 of the Dungeon
  4275 | D:4      | Reached skill level 4 in Fighting
  4275 | D:4      | Reached skill level 6 in Spellcasting
  4275 | D:4      | Reached skill level 6 in Conjurations
  4275 | D:4      | Reached skill level 6 in Hexes
  4275 | D:4      | Reached skill level 6 in Summonings
  4275 | D:4      | Reached skill level 6 in Necromancy
  4275 | D:4      | Reached skill level 6 in Translocations
  4275 | D:4      | Reached skill level 6 in Fire Magic
  4275 | D:4      | Reached skill level 6 in Ice Magic
  4275 | D:4      | Reached skill level 6 in Air Magic
  4275 | D:4      | Reached skill level 6 in Earth Magic
  4275 | D:4      | Reached skill level 6 in Alchemy
  4562 | D:4      | Found a shimmering altar of Xom.
  4574 | D:4      | Found a sacrificial altar of Ru.
  4734 | D:4      | Reached XP level 8. HP: 46/58 MP: 0/0
  4915 | D:4      | Became a worshipper of Ru the Awakened
  5233 | D:5      | Found a snail-covered altar of Cheibriados.
  5363 | D:5      | Noticed Prince Ribbit
  5371 | D:5      | Killed Prince Ribbit
  5372 | D:5      | Reached skill level 1 in Invocations
  5626 | D:5      | Reached skill level 2 in Invocations
  5956 | D:5      | Reached skill level 5 in Fighting
  6465 | D:5      | Reached skill level 7 in Spellcasting
  6465 | D:5      | Reached skill level 7 in Conjurations
  6465 | D:5      | Reached skill level 7 in Hexes
  6465 | D:5      | Reached skill level 7 in Summonings
  6465 | D:5      | Reached skill level 7 in Necromancy
  6465 | D:5      | Reached skill level 7 in Translocations
  6465 | D:5      | Reached skill level 7 in Fire Magic
  6465 | D:5      | Reached skill level 7 in Ice Magic
  6465 | D:5      | Reached skill level 7 in Air Magic
  6465 | D:5      | Reached skill level 7 in Earth Magic
  6465 | D:5      | Reached skill level 7 in Alchemy
  6730 | D:6      | Reached XP level 9. HP: 61/65 MP: 0/0
  6730 | D:6      | Learned a level 3 spell: Summon Ice Beast
  6761 | D:6      | Reached skill level 3 in Invocations
  7176 | D:6      | Found Wechiac's Assorted Antiques.
  7217 | D:6      | Reached skill level 6 in Fighting
  8082 | D:6      | Gained mutation: You are hated by all. [Ru sacrifice]
  8082 | D:6      | Reduced skill Summonings to level 0
  8082 | D:6      | Reached * piety under Ru
  8087 | D:6      | Reached skill level 4 in Invocations
  8772 | D:6      | Reached skill level 7 in Fighting
  9555 | D:6      | Noticed Maggie
  9573 | D:6      | Killed Maggie
  9574 | D:6      | Reached XP level 10. HP: 21/76 MP: 0/0
 10401 | D:7      | Found a sand-covered staircase.
 10410 | Ossuary  | Entered an ossuary
 10554 | Ossuary  | Reached skill level 8 in Fighting
 10765 | Ossuary  | Reached skill level 5 in Invocations
 11571 | D:7      | Found a stormy altar of Qazlal.
 11882 | D:7      | Reached skill level 8 in Spellcasting
 11882 | D:7      | Reached skill level 8 in Conjurations
 11882 | D:7      | Reached skill level 8 in Hexes
 11882 | D:7      | Reached skill level 8 in Necromancy
 11882 | D:7      | Reached skill level 8 in Translocations
 11882 | D:7      | Reached skill level 8 in Fire Magic
 11882 | D:7      | Reached skill level 8 in Ice Magic
 11882 | D:7      | Reached skill level 8 in Air Magic
 11882 | D:7      | Reached skill level 8 in Earth Magic
 11882 | D:7      | Reached skill level 8 in Alchemy
 12421 | D:7      | Found a staircase to the Ecumenical Temple.
 12742 | D:8      | Reached skill level 9 in Fighting
 13208 | D:8      | Found a staircase to the Lair.
 13491 | D:8      | Reached skill level 6 in Invocations
 13609 | D:8      | Noticed Erica
 13634 | D:8      | Killed Erica
 13906 | D:8      | Gained mutation: You occasionally lose the ability to read
                  | scrolls when taking damage. [Ru sacrifice]
 13906 | D:8      | Gained mutation: You sometimes lose the ability to read
                  | scrolls when taking damage. [Ru sacrifice]
 13906 | D:8      | Reached ** piety under Ru
 13906 | D:8      | Reached *** piety under Ru
 14475 | D:8      | Reached skill level 10 in Fighting
 14475 | D:8      | Reached XP level 11. HP: 75/85 MP: 0/0
 14475 | D:8      | Learned a level 4 spell: Animate Dead
 15485 | D:9      | Found a sparkling altar of Nemelex Xobeh.
 15713 | D:9      | Found Zuskad's Serpentskin Sales.
 15933 | D:9      | Noticed a two-headed ogre
 15945 | D:9      | Killed a two-headed ogre
 15946 | D:9      | Reached skill level 7 in Invocations
 16090 | D:9      | Reached skill level 11 in Fighting
 16190 | D:10     | Entered Level 10 of the Dungeon
 16226 | D:10     | HP: 8/87 [wraith (11)]
 16914 | Lair:1   | Entered Level 1 of the Lair of Beasts
 17747 | Lair:1   | Reached skill level 9 in Spellcasting
 17747 | Lair:1   | Reached skill level 9 in Conjurations
 17747 | Lair:1   | Reached skill level 9 in Hexes
 17747 | Lair:1   | Reached skill level 9 in Necromancy
 17747 | Lair:1   | Reached skill level 9 in Translocations
 17747 | Lair:1   | Reached skill level 9 in Fire Magic
 17747 | Lair:1   | Reached skill level 9 in Ice Magic
 17747 | Lair:1   | Reached skill level 9 in Air Magic
 17747 | Lair:1   | Reached skill level 9 in Earth Magic
 17747 | Lair:1   | Reached skill level 9 in Alchemy
 17759 | Lair:1   | Reached skill level 8 in Invocations
 17762 | Lair:1   | Reached skill level 12 in Fighting
 18080 | Lair:1   | Reached XP level 12. HP: 59/95 MP: 0/0
 18092 | Lair:1   | HP: 9/95 [torpor snail (18)]
 18094 | Lair:1   | HP: 2/90 [torpor snail (22)]
 18567 | Lair:1   | Noticed Gastronok
 18569 | Lair:1   | Identified 2 potions of resistance
 18601 | Lair:1   | Killed Gastronok
 19214 | Lair:1   | Gained mutation: You are slightly weak-willed. (Will-) [Ru
                  | sacrifice]
 19214 | Lair:1   | Reached **** piety under Ru
 19512 | Lair:2   | Reached skill level 13 in Fighting
 20062 | Lair:2   | Reached skill level 9 in Invocations
 20850 | Lair:2   | Found a staircase to the Snake Pit.
 22839 | Lair:2   | Reached XP level 13. HP: 104/104 MP: 0/0
 22839 | Lair:2   | Learned a level 5 spell: Lee's Rapid Deconstruction
 22871 | Lair:2   | Reached skill level 14 in Fighting
 23730 | Lair:3   | Noticed a five-headed hydra
 23793 | Lair:3   | Reached skill level 10 in Spellcasting
 23793 | Lair:3   | Reached skill level 10 in Conjurations
 23793 | Lair:3   | Reached skill level 10 in Hexes
 23793 | Lair:3   | Reached skill level 10 in Necromancy
 23793 | Lair:3   | Reached skill level 10 in Translocations
 23793 | Lair:3   | Reached skill level 10 in Fire Magic
 23793 | Lair:3   | Reached skill level 10 in Ice Magic
 23793 | Lair:3   | Reached skill level 10 in Air Magic
 23793 | Lair:3   | Reached skill level 10 in Earth Magic
 23793 | Lair:3   | Reached skill level 10 in Alchemy
 23797 | Lair:3   | Reached skill level 2 in Stealth
 23799 | Lair:3   | Noticed Fannar
 23915 | Lair:3   | Reached skill level 3 in Dodging
 24020 | Lair:3   | Reached skill level 10 in Invocations
 24116 | Lair:3   | Identified the +0 leather armour "Ywkielol" {rC+ Regen+}
 24229 | Lair:3   | Killed a five-headed hydra
 24234 | Lair:3   | Reached skill level 3 in Stealth
 24309 | Lair:3   | Gained mutation: You cannot study or cast Ice magic. [Ru
                  | sacrifice]
 24309 | Lair:3   | Gained mutation: You cannot study or cast Hexes magic. [Ru
                  | sacrifice]
 24309 | Lair:3   | Gained mutation: You cannot study or cast Translocations
                  | magic. [Ru sacrifice]
 24309 | Lair:3   | Reduced skill Ice Magic to level 0
 24309 | Lair:3   | Reduced skill Hexes to level 0
 24309 | Lair:3   | Reduced skill Translocations to level 0
 24309 | Lair:3   | Reached ***** piety under Ru
 24425 | Lair:3   | Reached skill level 4 in Dodging
 24626 | Lair:3   | Reached skill level 1 in Evocations
 24752 | Lair:3   | Found a staircase to the Swamp.
 24826 | Lair:3   | Killed Fannar
 25224 | Lair:4   | Noticed an eight-headed hydra
 25234 | Lair:4   | Killed an eight-headed hydra
 25495 | Lair:4   | Reached skill level 2 in Evocations
 25714 | Lair:3   | Reached skill level 4 in Stealth
 26091 | Lair:3   | Reached skill level 5 in Dodging
 26977 | Lair:4   | HP: 3/106 [komodo dragon (27)]
 27336 | Lair:4   | Reached skill level 3 in Evocations
 27601 | Lair:5   | Entered Level 5 of the Lair of Beasts
 27604 | Lair:4   | Upgraded the game from 0.32-a0-859-gb0a091d592 to
                  | 0.32-a0-868-g153ae1a8d6
 27751 | Lair:4   | Reached XP level 14. HP: 96/110 MP: 0/0
 28101 | Lair:5   | Reached skill level 11 in Invocations
 28360 | Lair:5   | Found a staircase to the Slime Pits.
 28381 | Lair:5   | Reached skill level 12 in Invocations
 28669 | Lair:5   | Reached skill level 13 in Invocations
 29035 | Lair:5   | HP: 8/105 [catoblepas (30)]
 29038 | Lair:5   | Mangled by a catoblepas

Vanquished Creatures
  Gastronok (Lair:1)
  Fannar (Lair:3)
  5 hydras
  3 catoblepae
  Erica (D:8)
  A two-headed ogre (D:9)
  A skyshark (Lair:5)
  A fire crab (Lair:4)
  2 spriggan druids (Lair:3)
  A lindwurm (Lair:5)
  A manticore (Lair:5)
  5 elephants
  An eye of devastation (Lair:5)
  5 black mambas
  A torpor snail (Lair:1)
  Maggie (D:6)
  8 cane toads
  9 komodo dragons
  4 rime drakes
  A queen bee (Lair:2)
  2 hornets
  A glass eye (Lair:5)
  Prince Ribbit (D:5)
  25 blink frogs
  2 raiju (D:8)
  10 wyverns
  A wraith (D:9)
  54 yaks
  8 basilisks
  Menkaure (D:4)
  16 water moccasins
  2 orc warriors
  2 ice beasts
  A sky beast (D:7)
  4 ogres
  2 phantoms
  14 wolves
  2 centaurs
  14 bullfrogs
  A scorpion (D:5)
  2 burial acolytes (Ossuary)
  5 wights (D:6)
  32 killer bees
  6 howler monkeys
  4 electric eels
  3 gnoll boudas
  3 jellies
  A bombardier beetle (D:7)
  6 hounds
  Crazy Yiuf (D:2)
  A human zombie (Ossuary)
  4 orc priests
  A sleepcap (D:5)
  8 orc wizards
  8 iguanas
  2 mummies (Ossuary)
  6 gnolls
  A river rat (Lair:2)
  5 adders
  3 white imps
  3 ufetubi
  4 ribbon worms
  A dart slug (D:3)
  27 orcs
  3 ball pythons
  6 endoplasms
  2 giant cockroaches
  3 gnoll zombies (Ossuary)
  7 goblins
  5 hobgoblins
  4 jackals (D:2)
  A quokka (D:2)
  11 bats
  4 frilled lizards
  3 kobolds
  2 kobold zombies (Ossuary)
  2 orc zombies (Ossuary)
  3 rats
409 creatures vanquished.

Vanquished Creatures (collateral kills)
  An orc warrior (D:6)
  2 scorpions (D:6)
  A jelly (D:6)
  A sleepcap (D:5)
  2 orc wizards (D:6)
  An adder (D:2)
  A ribbon worm (D:2)
  An orc (D:6)
  An endoplasm (D:2)
  A hobgoblin (D:4)
  3 jackals (D:2)
  A ball python (D:2)
16 creatures vanquished.

Vanquished Creatures (others)
  2 yaks
  A killer bee (D:9)
3 creatures vanquished.

Grand Total: 428 creatures vanquished

Table legend: (Time is in decaauts)
 A = Elapsed time spent in this place.
 B = Non-inter-level travel time spent in this place.
 C = Inter-level travel time spent in this place.
 D = Time resting spent in this place.
 E = Time spent auto-exploring this place.
 F = Levels seen in this place.
 G = Mean time per level.
                   A        B        C        D        E       F      G
               +--------+--------+--------+--------+--------+-----+--------+
         Total |  29130 |  28480 |    650 |  16005 |   8138 |  16 | 1820.6 |
       Dungeon |  16969 |  16566 |    403 |   9105 |   5593 |  10 | 1696.9 |
          Lair |  11398 |  11152 |    246 |   6390 |   2531 |   5 | 2279.6 |
       Ossuary |    762 |    762 |      0 |    510 |     14 |   1 |  762.0 |
               +--------+--------+--------+--------+--------+-----+--------+

Top non-repeatable levels by time:
  Lair:2: 3856 daAuts
     D:8: 3373 daAuts
     D:6: 3137 daAuts
  Lair:3: 2774 daAuts
  Lair:1: 2257 daAuts
     D:5: 2124 daAuts
     D:4: 1839 daAuts
     D:9: 1664 daAuts
     D:3: 1641 daAuts
     D:7: 1474 daAuts
  Lair:4: 1447 daAuts
     D:2: 1140 daAuts
  Lair:5: 1063 daAuts
 Ossuary: 762 daAuts
     D:1: 506 daAuts

Table legend:
 A = Non-vault XP
 B = Vault XP
 C = Vault XP percentage of total XP
 D = Non-vault monster count
 E = Vault monster count
 F = Vault count percentage of total count
                 A         B        C        D         E       F
            +---------+---------+-------+---------+---------+-------
      Total |   44996 |   19588 |  30.3 |     327 |     101 |  23.6
            +---------+---------+-------+---------+---------+-------
        D:1 |      20 |       0 |   0.0 |      13 |       0 |   0.0
        D:2 |      89 |      41 |  31.5 |      29 |       1 |   3.3
        D:3 |     165 |       5 |   2.9 |      19 |       2 |   9.5
        D:4 |     563 |     175 |  23.7 |      20 |       1 |   4.8
        D:5 |     383 |     655 |  63.1 |      13 |       7 |  35.0
        D:6 |    1562 |     398 |  20.3 |      30 |       1 |   3.2
        D:7 |     923 |       0 |   0.0 |      16 |       0 |   0.0
        D:8 |    2504 |    1435 |  36.4 |      32 |       5 |  13.5
        D:9 |    2119 |     302 |  12.5 |      20 |       2 |   9.1
       D:10 |    1032 |       0 |   0.0 |       5 |       0 |   0.0
     Lair:1 |    5676 |    1570 |  21.7 |      31 |       1 |   3.1
     Lair:2 |    3303 |    5775 |  63.6 |      13 |      45 |  77.6
     Lair:3 |    7038 |    5047 |  41.8 |      28 |      14 |  33.3
     Lair:4 |    8099 |       0 |   0.0 |      28 |       0 |   0.0
     Lair:5 |   11520 |    3945 |  25.5 |      30 |      10 |  25.0
    Ossuary |       0 |     240 | 100.0 |       0 |      12 | 100.0
            +---------+---------+-------+---------+---------+-------
